 Dungeon Crawl Stone Soup version 0.30-a0-937-ga0a21ad780 (webtiles) character file.

Game seed: 6309386522853293396

164 Sanktem7 the Trooper (level 5, -1/47 HPs)
             Began as a Minotaur Fighter on Mar 25, 2023.
             Slain by Pargi (7 damage)
             ... on level 2 of the Dungeon.
             The game lasted 00:03:24 (2068 turns).

Sanktem7 the Trooper (Minotaur Fighter)             Turns: 2068, Time: 00:03:24

Health: -1/47      AC: 10    Str: 23    XL:     5   Next: 21%
Magic:  4/4        EV:  7    Int:  5    God:
Gold:   119        SH:  4    Dex:  9    Spells: 4/4 levels left

rFire   . . .      SeeInvis .    a - +0 war axe {axe}
rCold   + . .      Faith    .    c - +0 buckler
rNeg    + . .      Spirit   .    p - +0 chain mail
rPois   .          Reflect  .    (helmet restricted)
rElec   .          Rampage  .    (no cloak)
rCorr   .                        (no gloves)
Will    .....                    s - +0 pair of boots Stlth
                                 (no amulet)
HPRegen 0.27/turn                g - ring of positive energy
MPRegen 0.09/turn                t - ring of protection from cold

@: mighty
A: horns 2, retaliatory headbutt
a: no special abilities


You were on level 2 of the Dungeon.
You visited 1 branch of the dungeon, and saw 3 of its levels.

You collected 119 gold pieces.


Innate Abilities, Weirdness & Mutations

You have a pair of horns on your head.
You reflexively headbutt those who attack you in melee.


   Skills:
 + Level 4.5 Fighting
 * Level 4.4 Axes
 + Level 0.9 Throwing
 + Level 4.5 Armour
 + Level 4.4 Shields


You had 4 spell levels left.
You didn't know any spells.
Your spell library contained the following spells:

 Spells                   Type           Power      Damage    Failure   Level
 Freeze                   Ice            0%         1d3       99%         1
 Frozen Ramparts          Ice            0%         1d1       100%        3
 Hailstorm                Conj/Ice       0%         3d3       100%        3

Inventory:

Hand Weapons
 a - a +0 war axe (weapon) {axe}
 f - a +1 short sword of protection {short}
   (You took it off a kobold on level 1 of the Dungeon)
Missiles
 j - 11 stones (quivered) {throwing}
 m - 6 poisoned darts {throwing}
 o - 2 throwing nets {=f!fthrowing}
Armour
 c - a +0 buckler (worn)
 p - a +0 chain mail (worn)
   (You found it on level 2 of the Dungeon)
 s - a +0 pair of boots (worn)
   (You found it on level 3 of the Dungeon)
Jewellery
 g - a ring of positive energy (left hand)
   (You found it on level 1 of the Dungeon)
 t - a ring of protection from cold (right hand)
   (You found it on level 3 of the Dungeon)
Scrolls
 h - a scroll of vulnerability {unknown}
 i - 2 scrolls of identify {unknown}
 l - 2 scrolls of teleportation {unknown}
 n - a scroll of blinking {unknown}
 q - a scroll of amnesia {unknown}
Potions
 b - 2 potions of curing {unknown}
 e - 2 potions of berserk rage {unknown}
 k - 2 potions of mutation {unknown}
 r - a potion of degeneration {unknown}
 u - a potion of lignification {unknown}

Dungeon Overview and Level Annotations

Branches:
Dungeon (3/15) Zot: 15869

Altars:

Annotations:
D:2 Pargi
D:3 Grinder

#############
#...........#
#.#########.#
####'### #.#
.......# #.#
.......#######.###
.......+.......T@#
.......#######.#.#
.....[.# #.#.#
####.### ##.#.#
####.########..#.#
...............#.#
........#####..#.#
........'......#.#
........#####.##.#


You could see Pargi.


Message History

The orc hits you with a +0 flail. x2
Grinder blinks!
You can move again. 😕 HP[-9]
You take 9 damage, and now have 38/47 hp.
You hit the orc.
You kill the orc!
Grinder gestures at you.
You shrug off the repeated paralysis!
Things that are here:
a +0 flail {mace}; a +0 chain mail; 😕 HP[+1] Grinder blinks!
Pargi the Meek comes into view.
Pargi shouts!
You hear a bark!
Grinder zaps a wand.
The puff of flame hits you! 😮 HP[-15]
You take 15 damage, and now have 24/47 hp.
MASSIVE DAMAGE!! (PAUSE) Grinder gestures at you.
You suddenly lose the ability to move!
Grinder zaps a wand.
The puff of flame hits you!
* * * LOW HITPOINT WARNING * * *
You can move again. 😨 HP[-6]
You take 6 damage, and now have 18/47 hp. 😨 HP[+1] Grinder gestures at you.
Pain shoots through your body!
* * * LOW HITPOINT WARNING * * *
😨 HP[-5]
You take 5 damage, and now have 14/47 hp.
Grinder gestures at you.
You suddenly lose the ability to move!
Grinder blinks!
You can move again. 😨 HP[+1] Unknown command.
You closely miss Pargi. Pargi bites you but does no damage.
Pargi claws you but does no damage. Pargi claws you.
* * * LOW HITPOINT WARNING * * *
Pargi bites you but does no damage.
Pargi claws you but does no damage. x2 😨 HP[-2]
You take 2 damage, and now have 13/47 hp.
You slash Pargi! Pargi bites you.
* * * LOW HITPOINT WARNING * * *
Pargi claws you but does no damage. x2 😨 HP[-1]
You take 1 damage, and now have 12/47 hp.
You barely miss Pargi. You block Pargi's attack. Pargi claws you.
* * * LOW HITPOINT WARNING * * *
Pargi barely misses you.
Grinder zaps a wand.
The puff of flame hits you.
* * * LOW HITPOINT WARNING * * *
😱 HP[-7]
You take 7 damage, and now have 5/47 hp.
Grinder gestures at you. You resist with significant effort.
Pargi attacks as you move away! You block Pargi's attack. x2
Pargi closely misses you.
An adder comes into view.
Found a stone staircase leading down.
The adder hisses angrily.
An orc comes into view. It is wielding a +0 short sword.
Grinder gestures at you.
You are unaffected.
The adder moves out of view. 😱 HP[+1]
The orc shouts!
Pargi attacks as you move away! Pargi bites you but does no damage.
Pargi claws you but does no damage. x2
Pargi attacks as you move away! Pargi bites you.
* * * LOW HITPOINT WARNING * * *
Pargi claws you but does no damage. x2 😱 HP[-1]
You take 1 damage, and now have 5/47 hp.
Grinder blinks!
Pargi attacks as you move away! You block Pargi's attack.
Pargi completely misses you.
Pargi claws you but does no damage. 😱 HP[+1] Pargi attacks as you move away!
Pargi bites you but does no damage.
Pargi claws you but does no damage. x2 😱 HP[+1] Pargi attacks as you move away!
Pargi closely misses you. Pargi claws you.
* * * LOW HITPOINT WARNING * * *
You block Pargi's attack. 😱 HP[-3]
You take 3 damage, and now have 4/47 hp. 😱 HP[+1]
There is a stone staircase leading up here.
Pargi bites you but does no damage. Pargi claws you but does no damage. x2
You climb upwards.
There is a stone staircase leading down here. 😱 HP[+1]
You feel very mighty all of a sudden. Pargi barely misses you.
You furiously retaliate!
You headbutt Pargi!! Pargi barely misses you. You block Pargi's attack.
You slash Pargi! Your headbutt misses Pargi. Pargi bites you!
You die...

Skill      XL: |  1  2  3  4 |
---------------+-------------+-----
Axes           | 3 4 |  4.4
Fighting       | 4 |  4.5
Armour         | 4 |  4.5
Shields        | 4 |  4.4
Throwing       | |  0.9

Action                     |  1- 3 |  4- 6 || total
---------------------------+-------+-------++-------
  Melee: War axe           |    71 |    53 ||   124
         Headbutt          |     4 |     6 ||    10
    Use: Potion            |       |     1 ||     1
 Armour: Scale mail        |    39 |    11 ||    50
         Chain mail        |       |    31 ||    31
  Dodge: Dodged            |    30 |    24 ||    54
  Block: Buckler           |    18 |    23 ||    41

Levels and vault maps discovered:
D:1:      lightli_arrival_quake, layout_basic,
          shapermc_ecumenical_altar_acropolis
D:2:      layout_basic, minmay_tall_x, uniq_terence, uniq_natasha
D:3:      layout_rooms, minivault_19, minmay_liquid_box, uniq_pargi,
          uniq_grinder

Notes
Turn   | Place    | Note
-------+----------+-------------------------------------------
     0 | D:1      | Sanktem7 the Minotaur Fighter began the quest for the Orb.
     0 | D:1      | Reached XP level 1. HP: 19/19 MP: 0/0
     0 | D:1      | magus.rc [v1.9.6]
   153 | D:1      | Reached XP level 2. HP: 22/27 MP: 1/1
   239 | D:1      | Reached skill level 3 in Axes
   394 | D:1      | Found a faded altar of an unknown god.
   837 | D:2      | Noticed Natasha
   843 | D:2      | Killed Natasha
   844 | D:2      | Reached skill level 4 in Fighting
   844 | D:2      | Reached skill level 4 in Armour
   844 | D:2      | Reached skill level 4 in Shields
   844 | D:2      | Reached XP level 3. HP: 18/33 MP: 2/2
   992 | D:2      | Reached XP level 4. HP: 40/40 MP: 3/3
  1064 | D:2      | You pick up a book of Frost and begin reading...
  1064 | D:2      | You add the spells Freeze, Frozen Ramparts and Hailstorm to
                  | your library.
  1125 | D:2      | Noticed Terence
  1132 | D:2      | Killed Terence
  1133 | D:2      | Reached skill level 4 in Axes
  1633 | D:2      | Noticed Natasha
  1642 | D:2      | Killed Natasha
  1867 | D:3      | Reached XP level 5. HP: 47/47 MP: 4/4
  2025 | D:3      | Noticed Grinder
  2026 | D:3      | Paralysed by Grinder for 3 turns
  2033 | D:3      | Noticed Pargi
  2034 | D:3      | Paralysed by Grinder for 3 turns
  2041 | D:3      | Paralysed by Grinder for 2 turns
  2045 | D:3      | HP: 11/47 [Pargi (2)]
  2045 | D:3      | HP: 5/47 [Grinder/puff of flame (6)]
  2052 | D:3      | HP: 4/47 [Pargi (2)]
  2062 | D:3      | HP: 4/47 [Pargi (3)]
  2068 | D:2      | Slain by Pargi

Vanquished Creatures
  Natasha (twice) (D:2)
  Terence (D:2)
  4 adders
  2 worms
  A dart slug (D:1)
  An orc (D:3)
  4 bats
  An endoplasm (D:1)
  A giant cockroach (D:1)
  6 goblins
  2 hobgoblins
  4 jackals
  6 kobolds
  4 quokkas
  7 ball pythons
  4 frilled lizards
  A rat (D:1)
51 creatures vanquished.

Table legend:
 A = Non-vault XP
 B = Vault XP
 C = Vault XP percentage of total XP
 D = Non-vault monster count
 E = Vault monster count
 F = Vault count percentage of total count
                 A         B        C        D         E       F
            +---------+---------+-------+---------+---------+-------
      Total |     159 |      76 |  32.3 |      45 |       6 |  11.8
            +---------+---------+-------+---------+---------+-------
        D:1 |      27 |       0 |   0.0 |      16 |       0 |   0.0
        D:2 |      90 |      76 |  45.8 |      13 |       6 |  31.6
        D:3 |      42 |       0 |   0.0 |      16 |       0 |   0.0
            +---------+---------+-------+---------+---------+-------

Illustrated notes

Table legend:
 A = Kills in this place as a percentage of kills in the entire game.
 B = Kills by you in this place as a percentage of kills by you in the entire game.
 C = Kills by friends in this place as a percentage of kills by friends in the entire game.
 D = Other kills in this place as a percentage of other kills in the entire game.
 E = Experience gained in this place as a percentage of experience gained in the entire game.
 F = Experience gained in this place divided by the number of levels of this place that you have seen.
                   A       B       C       D       E      F
               +-------+-------+-------+-------+-------+----------------------
         Total | 100.0 | 100.0 |   N/A |   N/A | 100.0 |  78.3
       Dungeon | 100.0 | 100.0 |   N/A |   N/A | 100.0 |  78.3
               +-------+-------+-------+-------+-------+----------------------

Table legend: (Time is in decaauts)
 A = Elapsed time spent in this place.
 B = Non-inter-level travel time spent in this place.
 C = Inter-level travel time spent in this place.
 D = Time resting spent in this place.
 E = Time spent auto-exploring this place.
 F = Levels seen in this place.
 G = Mean time per level.
                   A        B        C        D        E       F      G
               +--------+--------+--------+--------+--------+-----+--------+
         Total |   2129 |   2067 |     62 |      0 |   1661 |   3 |  709.7 |
       Dungeon |   2129 |   2067 |     62 |      0 |   1661 |   3 |  709.7 |
               +--------+--------+--------+--------+--------+-----+--------+

Top non-repeatable levels by time:
     D:2: 1121 daAuts
     D:1: 795 daAuts
     D:3: 212 daAuts
